 Dungeon Crawl Stone Soup version 0.29-a0-340-g6efceafd81 (webtiles) character file.

Game seed: 11012077638232105034

10 chopper the Skirmisher (level 2, 19/25 HPs)
             Began as a Palentonga Fighter on Apr 20, 2022.
             Got out of the dungeon alive.
             The game lasted 00:01:17 (253 turns).

chopper the Skirmisher (Palentonga Fighter)          Turns: 253, Time: 00:01:18

Health: 19/25      AC:  6    Str: 19    XL:     2   Next: 10%
Magic:  2/2        EV:  7    Int:  8    God:
Gold:   8          SH:  4    Dex:  9    Spells: 1/1 levels left

rFire   . . .      SeeInvis +   a - +0 war axe
rCold   . . .      Faith    .   c - +0 buckler
rNeg    . . .      Spirit   .   b - +0 scale mail
rPois   .          Reflect  .   (no helmet)
rElec   .          Harm     .   (no cloak)
rCorr   .          Rampage  .   (no gloves)
Will    .....                   (no barding)
Stlth   ..........              (no amulet)
HPRegen 0.08/turn               (no ring)
MPRegen 0.08/turn               (no ring)

@: no status effects
A: large, rugged brown scales 3, see invisible, deformed body, roll 1, armoured
tail
a: Rolling Charge


You escaped.
You visited 1 branch of the dungeon, and saw 1 of its levels.

You collected 8 gold pieces.

Inventory:

Hand Weapons
 a - a +0 war axe (weapon)
Armour
 b - a +0 scale mail (worn)
 c - a +0 buckler (worn)
Scrolls
 e - a scroll of identify {unknown}
 f - a scroll of vulnerability {unknown}
Potions
 d - a potion of might


   Skills:
 + Level 3.0 Fighting
 + Level 2.3 Axes
 + Level 2.6 Armour
 + Level 0.2 Dodging
 + Level 2.4 Shields


You had one spell level left.
You didn't know any spells.
Your spell library was empty.

Dungeon Overview and Level Annotations

Branches:
Dungeon (1/15)

Altars:


Innate Abilities, Weirdness & Mutations

You are completely covered in rugged brown scales. (AC +3, +7% HP)
You have supernaturally acute eyesight. (SInv)
Armour fits poorly on your strangely shaped body.
You can roll at nearby foes to attack.
You have a long armoured tail.


Message History

You kill the frilled lizard!
A quokka comes into view.
An endoplasm comes into view.
The endoplasm quivers.
The endoplasm hits you but does no damage.
You hit the endoplasm.
The endoplasm is moderately wounded.
The endoplasm barely misses you.
The quokka bites you but does no damage.
You hit the endoplasm.
The endoplasm is severely wounded.
You closely miss the quokka. The endoplasm freezes you.
You are frozen.
You block the quokka's attack.
The endoplasm hits you but does no damage.
You block the quokka's attack.
You slash the endoplasm!
You kill the endoplasm!
You miss the quokka. The quokka bites you.
You have reached level 2!
Unknown command.
You closely miss the quokka. The quokka barely misses you.
The quokka bites you.
You closely miss the quokka. The quokka bites you.
The quokka bites you but does no damage.
You barely miss the quokka. You tail-slap the quokka.
The quokka is heavily wounded.
You block the quokka's attack.
You hit the quokka.
You kill the quokka!
You see here a quokka corpse.
You see here a +0 short sword.
You see here 21 stones.
There is an open gate here.
There is a staircase leading out of the dungeon here.
You can't go down here!
Are you sure you want to leave the Dungeon?
This will make you lose the game!
Uppercase [Y]es or [N]o only, please.
Are you sure you want to leave the Dungeon?
This will make you lose the game!
You have escaped!

........^..... . #####
.............. .. #...#
............. ...
#.8.#######........... ....
#.........#..♣.♣.♣.♣..
..... #........##..........
.⌠....#.........'..........
..⌠...#...@.....'..........
.⌠....#.........'..........
..... #........##..........
.... #.........#..♣.♣.♣.♣..
... #.8.#######...........
.. #...# ............. .
##### ..............
.............. ...........


There were no monsters in sight!

Vanquished Creatures
  A dart slug (D:1)
  A bat (D:1)
  An endoplasm (D:1)
  A goblin (D:1)
  A quokka (D:1)
  2 frilled lizards (D:1)
  A kobold (D:1)
8 creatures vanquished.

Notes
Turn   | Place    | Note
-------+----------+-------------------------------------------
     0 | D:1      | chopper the Palentonga Fighter began the quest for the Orb.
     0 | D:1      | Reached XP level 1. HP: 19/19 MP: 1/1
   140 | D:1      | Reached XP level 2. HP: 14/25 MP: 2/2
   253 | D:$      | Got out of the dungeon alive.

Illustrated notes

Levels and vault maps discovered:
D:1:      wander_arrival_estate, layout_loops_ring, eino_curves_02,
          minmay_tetromino_s4

Action                   || total
-------------------------++-------
Melee: War axe           ||    22
       Tailslap          ||     2
Armor: Scale mail        ||    14
Dodge: Dodged            ||    12
Block: Buckler           ||    12

Table legend: (Time is in decaauts)
 A = Elapsed time spent in this place.
 B = Non-inter-level travel time spent in this place.
 C = Inter-level travel time spent in this place.
 D = Time resting spent in this place.
 E = Time spent auto-exploring this place.
 F = Levels seen in this place.
 G = Mean time per level.
                   A        B        C        D        E       F      G
               +--------+--------+--------+--------+--------+-----+--------+
         Total |    262 |    262 |      0 |      0 |      0 |   1 |  262.0 |
       Dungeon |    262 |    262 |      0 |      0 |      0 |   1 |  262.0 |
               +--------+--------+--------+--------+--------+-----+--------+

Top non-repeatable levels by time:
     D:1: 262 daAuts
